 Dungeon Crawl Stone Soup version 0.20.0 (webtiles) character file.

3176 Sergey the Arsonist (level 9, 0/111 HPs)
             Began as an Ogre Fire Elementalist on May 31, 2017.
             Slain by a killer bee (4 damage)
             ... on level 7 of the Dungeon.
             The game lasted 00:34:30 (6115 turns).

Sergey the Arsonist (Ogre Fire Elementalist)        Turns: 6115, Time: 00:34:30

Health: 0/111      AC: 24    Str: 19    XL:     9   Next: 95%
Magic:  5/20       EV:  1    Int: 19    God:
Gold:   477        SH:  0    Dex:  9    Spells: 13/22 levels left

rFire    . . .     SeeInvis .   t - -2 whip (curse)
rCold    . . .     Gourm    +   (no shield)
rNeg     + + +     Faith    .   (armour currently unavailable)
rPois    +         Spirit   .   (helmet currently unavailable)
rElec    .         Reflect  .   (cloak currently unavailable)
rCorr    .         Harm     .   (gloves unavailable)
MR       .....     NoTele   +   (boots unavailable)
Stlth    +.........             F - amulet of the gourmand
Regen    0.3/turn               k - +4 ring of slaying
MPRegen  0.2/turn               m - ring of positive energy

@: mighty, tree-form, very slightly contaminated
A: unfitting armour
a: no special abilities


You were on level 7 of the Dungeon.
You were full.
You were a tree.
You visited 1 branch of the dungeon, and saw 7 of its levels.

You collected 477 gold pieces.

Inventory:

Hand Weapons
 e - a +0 flail
 h - a +0 club
 j - a +0 giant spiked club
 t - a cursed -2 whip (weapon)
 y - a +1 dire flail of protection
Missiles
 d - 4 tomahawks of returning (quivered)
 f - 209 stones
 l - a throwing net
 u - 8 tomahawks
Armour
 a - a +1 robe (melded)
 q - a +2 hat of see invisible (melded)
Magical Staves
 o - an uncursed staff of death
Jewellery
 k - a +4 ring of slaying (left branch)
 m - a ring of positive energy (right branch)
 F - an amulet of the gourmand (around neck)
Wands
 z - a wand of flame (33/48)
 B - a wand of polymorph (8/24)
 E - a wand of disintegration (14/24)
Scrolls
 p - 3 scrolls of identify
 w - a scroll of recharging
 A - a scroll of enchant armour
 D - 2 scrolls of teleportation
Potions
 g - a potion of mutation
Books
 b - a book of Flames

   Spells                             Type                      Level
   a - Flame Tongue                   Conjuration/Fire             1
   b - Throw Flame                    Conjuration/Fire             2
   c - Conjure Flame                  Conjuration/Fire             3
   d - Inner Flame                    Hexes/Fire                   3
   e - Sticky Flame                   Conjuration/Fire             4
   f - Fireball                       Conjuration/Fire             5
 r - a book of Necromancy

   Spells                             Type                      Level
   a - Pain                           Necromancy                   1
   b - Animate Skeleton               Necromancy                   1
   c - Vampiric Draining              Necromancy                   3
   d - Regeneration                   Charms/Necromancy            3
   e - Animate Dead                   Necromancy                   4
   f - Control Undead                 Necromancy                   4
Comestibles
 c - 5 bread rations
 i - 5 fruits
 n - 6 meat rations


   Skills:
 - Level 2.5 Maces & Flails
 - Level 1.7 Dodging
 - Level 1.4 Stealth
 + Level 7.3 Spellcasting
 + Level 5.5 Conjurations
 + Level 4.8 Charms
 * Level 8.0 Fire Magic


You had 13 spell levels left.
You knew the following spells:

 Your Spells              Type           Power        Failure   Level  Hunger
a - Flame Tongue          Conj/Fire      ####.        1%          1    None
b - Regeneration          Chrm/Necr      ###.......   11%         3    #......
c - Fireball              Conj/Fire      ####......   16%         5    #####..


Dungeon Overview and Level Annotations

Branches:
Dungeon (7/15)
 Temple: D:4-7

Altars:
Kikubaaqudgha
The Shining One

Annotations:
D:7 1 runed door


Innate Abilities, Weirdness & Mutations

You are too large for most types of armour.
((You have tough skin. (AC +1)))


Message History

Press: ? - help, Shift-Dir - straight line The fireball explodes!
The fireball engulfs Joseph.
Joseph resists.
Joseph is almost dead.
The killer bee completely misses you. Joseph hits you but does no damage.
The hound skeleton bites you.
* * * LOW HITPOINT WARNING * * *
The killer bee stings you but does no damage.
Casting: Fireball
Confirm with . or Enter, or press ? or * to list all spells.
Aiming: Fireball
Press: ? - help, Shift-Dir - straight line The fireball explodes!
The fireball engulfs Joseph.
Joseph resists.
You kill Joseph!
Your Fire Magic skill increases to level 8!
You hear an angry buzzing noise.
The killer bee stings you.
* * * LOW HITPOINT WARNING * * *
The hound skeleton bites you but does no damage.
The killer bee stings you.
You die...

.......##########
.####...........#
#+# .# #...........#
...# .#
#...........# ...+
.#
#...........#...@#
##
#...........#)...#
#.....†.....'....# .
#..........)######..
########.(..♣Z.....#
#.....y.....#
#...........#
#...........#
#...........#
#...........#
#############


You could see a killer bee and a hound skeleton.

Vanquished Creatures
  Pikel (D:7)
  Joseph (D:7)
  The ghost of spsoon the Changer, a novice OpTm (D:5)
  A hippogriff (D:7)
  Edmund (D:5)
  The ghost of Eucla the Ducker, an amateur SpMo of Okawaru (D:4)
  A phantom (D:4)
  A necrophage (D:7)
  3 ogres
  A centaur (D:6)
  A bullfrog (D:6)
  A scorpion (D:5)
  A killer bee (D:7)
  A howler monkey (D:4)
  A crimson imp (D:6)
  A centaur zombie (D:5)
  2 jellies
  5 orc priests
  2 hounds (D:4)
  2 iguanas
  6 worker ants
  9 orc wizards
  A hound skeleton (D:7)
  11 gnolls
  7 adders
  A shadow imp (D:7)
  2 oozes
  An adder zombie (D:7)
  3 worms
  3 dart slugs
  3 leopard geckos
  31 orcs
  3 ball pythons
  10 bats
  2 giant cockroaches
  8 goblins
  4 hobgoblins
  6 jackals
  3 quokkas
  2 frilled lizards
  A jackal skeleton (D:7)
  6 kobolds
  A leopard gecko skeleton (D:6)
  A leopard gecko zombie (D:5)
  2 rats
156 creatures vanquished.

Vanquished Creatures (others)
  A bullfrog (D:7)
  A butterfly (D:7)
2 creatures vanquished.

Grand Total: 158 creatures vanquished

Notes
Turn   | Place    | Note
-------+----------+-------------------------------------------
     0 | D:1      | Sergey the Ogre Fire Elementalist began the quest for the Orb.
     0 | D:1      | Reached XP level 1. HP: 16/16 MP: 3/3
    92 | D:1      | Reached skill level 1 in Conjurations
   221 | D:1      | Reached XP level 2. HP: 16/24 MP: 1/5
   426 | D:1      | Reached skill level 1 in Maces & Flails
   656 | D:1      | Reached XP level 3. HP: 26/31 MP: 0/7
   962 | D:2      | Reached skill level 3 in Fire Magic
   987 | D:1      | Reached XP level 4. HP: 31/39 MP: 0/8
  1578 | D:3      | Learned a level 3 spell: Regeneration
  1745 | D:3      | Reached XP level 5. HP: 38/45 MP: 6/10
  2116 | D:3      | Learned a level 5 spell: Fireball
  2306 | D:3      | Reached skill level 1 in Charms
  2696 | D:4      | Noticed an ogre
  2733 | D:4      | Noticed Eucla's ghost (amateur SpMo)
  2746 | D:4      | Killed Eucla's ghost
  2746 | D:4      | Reached XP level 6. HP: 49/53 MP: 4/12
  2863 | D:4      | Reached skill level 4 in Fire Magic
  3092 | D:4      | Reached XP level 7. HP: 24/59 MP: 7/13
  4001 | D:4      | Reached skill level 5 in Fire Magic
  4104 | D:4      | Reached skill level 5 in Spellcasting
  4110 | D:4      | Reached XP level 8. HP: 52/67 MP: 5/15
  4302 | D:5      | Entered Level 5 of the Dungeon
  4302 | D:5      | Noticed spsoon's ghost (novice OpTm)
  4313 | D:5      | Killed spsoon's ghost
  4604 | D:5      | Reached skill level 6 in Fire Magic
  4775 | D:5      | Found a glowing golden altar of the Shining One.
  4854 | D:5      | Found an ancient bone altar of Kikubaaqudgha.
  4922 | D:5      | Noticed Edmund
  4929 | D:5      | Killed Edmund
  5213 | D:6      | Reached XP level 9. HP: 69/74 MP: 9/18
  5429 | D:6      | Reached skill level 7 in Fire Magic
  5690 | D:7      | Noticed Pikel
  5695 | D:7      | Killed Pikel
  5695 | D:7      | Reached skill level 5 in Conjurations
  5764 | D:7      | HP: 2/74 [hippogriff (3)]
  5951 | D:7      | Found a runed door.
  6083 | D:7      | Noticed Joseph
  6107 | D:7      | HP: 5/111 [Joseph/uncursed quarterstaff of protection (2)]
  6115 | D:7      | Killed Joseph
  6115 | D:7      | Reached skill level 8 in Fire Magic
  6115 | D:7      | HP: 4/111 [killer bee (3)]
  6115 | D:7      | Slain by a killer bee

Skill      XL: |  1  2  3  4  5  6  7  8  9 |
---------------+----------------------------+-----
Conjurations   | 1 2 3 4 5 |  5.5
Maces & Flails | 1 2 |  2.5
Spellcasting   | 3 4 5 6 7 |  7.3
Fire Magic     | 3 4 5 6 8 |  8.0
Charms         | 1 2 3 4 |  4.8
Dodging        | |  1.7
Stealth        | |  1.4

Action                   |  1- 3 |  4- 6 |  7- 9 || total
-------------------------+-------+-------+-------++-------
Melee: Unarmed           |    15 |       |       ||    15
       Club              |    17 |    34 |       ||    51
       Whip              |       |    41 |    62 ||   103
Throw: Stone             |       |     2 |     5 ||     7
       Tomahawk          |       |       |     8 ||     8
       Javelin           |       |       |    20 ||    20
 Cast: Flame Tongue      |    42 |   115 |   191 ||   348
       Fireball          |       |       |     7 ||     7
       Regeneration      |       |       |     7 ||     7
  Use: Scroll            |       |     6 |     2 ||     8
       Potion            |       |     1 |    11 ||    12
  Eat: Chunk             |       |     7 |    26 ||    33
       Royal jelly       |       |       |     1 ||     1
Armor: Robe              |    15 |    48 |    59 ||   122
       Skin              |       |       |    29 ||    29
Dodge: Dodged            |    29 |    81 |    86 ||   196
